cohdb
Replays
Latest Replays
All Replays
Popular Replays
Top Player Replays
Match Explorer
How It Works
Community
CoH3 Stats
Reddit
Sign in to upload your games and track your stats! →
Sign in with Steam
Match 43423147
Unlisted
Match 43423147
Overview
Messages
Build Orders
End
Construct Barracks
Engineer Squad
Selects Advanced Infantry Battlegroup
Riflemen Squad
Riflemen Squad
Riflemen Squad
Selects Convert to Ranger Squad
M1 Mortar Team
Construct Weapon Support Center
Bazooka Squad
Selects Frontline Medical Station
Construct Medical Station
Infantry Support Center
M3 Armored Personnel Carrier
Grenade Package
Selects Ammunition Storage
Advanced Logistics
Selects M2A1 105mm Howitzer Emplacement
♥ ~Lady Rytsu~ ♥
Monsieur Nathan
yapster
HIMYNAMEISHO
0
0
Comments
sign in to comment!
No comments posted yet!